 Dungeon Crawl Stone Soup version 0.16.1 (webtiles) character file.

101 Ladykiller69 the Poker (level 4, -1/63 HPs)
             Began as a Naga Berserker on Mar 23, 2015.
             Was a Believer of Trog.
             Killed by divine providence
             ... invoked by an orc priest
              (15 damage)
             ... on level 3 of the Dungeon.
             The game lasted 00:09:19 (1290 turns).

Ladykiller69 the Poker (Naga Berserker)             Turns: 1290, Time: 00:09:19

Health: -1/63      AC:  1    Str: 24    XL:     4   Next: 75%
Magic:  4/4        EV: 10    Int:  8    God:    Trog [**....]
Gold:   76         SH:  0    Dex: 11    Spells: 0 memorised, 3 levels left

rFire  . . .     SeeInvis +     a - +0 spear
rCold  + . .     Clarity  .     b - +0 animal skin
rNeg   . . .     SustAb   .     (no shield)
rPois  +         Gourm    .     t - -2 helmet "Zunwyq" {rC+} (curse)
rElec  .         Spirit   .     (no cloak)
rCorr  +         Warding  .     (no gloves)
rMut   .         Stasis   .     (no barding)
MR     .....                    u - amulet of resist corrosion
Stlth  ..........               (no ring)
                                p - ring of poison resistance

@: berserking, quick, not resistant to hostile enchantments, extremely
unstealthy
A: spit poison, see invisible, deformed body, poison resistance, slowness 2, AC
+1
a: Spit Poison, Burn Spellbooks, Berserk, Trog's Hand, Renounce Religion


You were on level 3 of the Dungeon.
You worshipped Trog.
Trog was pleased with you.
You were not hungry.

You visited 1 branch of the dungeon, and saw 3 of its levels.

You collected 76 gold pieces.

Inventory:

Hand weapons
 a - a +0 spear (weapon)
 s - a +3 club
Armour
 b - a +0 animal skin (worn)
 f - a +0 helmet
 t - the cursed -2 helmet "Zunwyq" (worn) {rC+}
   (You took it off Robin on level 2 of the Dungeon)

   It protects you from cold.
   It has a curse placed upon it.
Jewellery
 p - a ring of poison resistance (left hand)
 u - an amulet of resist corrosion (around neck)
Magical devices
 o - a wand of flame (29)
Scrolls
 e - 3 scrolls of remove curse {unknown}
 g - a scroll of fog {unknown}
 i - a scroll of magic mapping {unknown}
 k - 3 scrolls of identify {unknown}
 l - a scroll of amnesia {unknown}
 r - a scroll of enchant armour {unknown}
Potions
 h - 2 potions of might {unknown}
 m - a potion of poison {unknown}
 n - a potion of restore abilities {unknown}
 q - a potion of curing {unknown}
Comestibles
 c - 2 bread rations
 j - a meat ration


   Skills:
 - Level 3.0 Fighting
 * Level 4.2 Polearms
 + Level 2.3 Armour
 + Level 2.5 Dodging


You had 3 spell levels left.
You didn't know any spells.

Dungeon Overview and Level Annotations

Branches:
Dungeon (3/15)

Altars:


Innate Abilities, Weirdness & Mutations

You cannot wear boots.
You can spit poison.
Your serpentine skin is tough (AC +1).
You have supernaturally acute eyesight.
Armour fits poorly on your strangely shaped body.
Your system is resistant to poisons.
You cover ground very slowly.


Message History

Press: ? - help, Dir - move target cursor, f/p - orc priest
Aim: an orc priest, wielding a short sword (moderately wounded, poisoned)
You reach to attack!
You hit the orc priest.
The orc priest is heavily wounded.
You barely miss the orc priest.
The orc priest is heavily wounded.
You barely miss the orc wizard.
The orc hits you with a flail of holy wrath!
* * * LOW HITPOINT WARNING * * *
Use which ability? (? or * to list)
A red film seems to cover your vision as you go berserk!
You feel yourself moving faster!
You feel mighty!
You feel somewhat more hungry.
You have got your breath back.
The orc wizard hits you with a dagger.
* * * LOW HITPOINT WARNING * * *
The orc barely misses you.
The orc priest calls down the wrath of Beogh upon you.
Something smites you!
You die...

####.# #.#
#.# #.# #.#
##.#########
#..........#
#.o.......%#
#@o........
#ooo.......
#..........
..........
#.#.###...
#.... ..
#.#.# #.#..
. .


You could see an orc priest, an orc wizard and 3 orcs.

Vanquished Creatures
  3 gnolls (D:2)
  Robin (D:2)
  An adder (D:2)
  3 giant geckos
  5 hobgoblins
  3 jackals (D:1)
  11 kobolds
  2 quokkas (D:2)
  7 bats
  3 giant newts
  11 goblins
  2 rats
52 creatures vanquished.

Notes
Turn   | Place    | Note
--------------------------------------------------------------
     0 | D:1      | Ladykiller69, the Naga Berserker, began the quest for the Orb.
     0 | D:1      | Reached XP level 1. HP: 21/21 MP: 1/1
    71 | D:1      | Reached XP level 2. HP: 12/28 MP: 2/2
   423 | D:2      | Noticed Robin
   441 | D:2      | Reached XP level 3. HP: 14/34 MP: 3/3
   454 | D:1      | Acquired Trog's second power
   754 | D:2      | Reached skill level 4 in Polearms
   754 | D:2      | Reached XP level 4. HP: 35/42 MP: 4/4
   832 | D:2      | Killed Robin
   840 | D:2      | Got a bloodstained helmet
   851 | D:2      | Identified the cursed -2 helmet "Zunwyq" {rC+} (You took it off Robin on level 2 of the Dungeon)
   900 | D:2      | HP: 2/42 [quokka (4)]
  1290 | D:3      | Killed from afar by an orc priest

Action                   |  1- 3 |  4- 6 || total
-------------------------+-------+-------++-------
Melee: Spear             |   133 |    54 ||   187
       Club              |       |     5 ||     5
Invok: Berserk           |     1 |     2 ||     3
 Abil: Spit Poison       |     3 |     1 ||     4
  Eat: Chunk             |       |     4 ||     4
